Map: Rhoskallian LE

Players

Reissdorf

  • Race: Zerg Zerg
  • League: Gold
  • Spawn Location: 11:00

Gaffel

  • Race: Terran Terran
  • League: Platinum
  • Spawn Location: 12:00

Massa - Winner!

  • Race: Terran Terran
  • League: Gold
  • Spawn Location: 5:00

qqq - Winner!

  • Race: Protoss Protoss
  • Spawn Location: 6:00

VOD

Have the link to the VOD?

Description

Time

  • Played on: June 25, 2020, 3:21 p.m.
  • Length: 10:55
Show
View Real Time Build Order
Export as new Build Order

Reissdorf Zerg 

Build Orders: Hatch First 

Get SALT Encoding   

  12  0:01  Drone  
  13  0:12  Overlord  
  13  0:18  Drone  
  14  0:31  Drone x2  
  14  0:35  Drone  
  17  0:56  Drone  
  18  0:59  Drone  
  18  1:00  Hatchery  
  18  1:11  Extractor  
  18  1:15  Spawning Pool  
  18  1:17  Drone  
  17  1:21  Drone  
  18  1:28  Drone  
  19  1:41  Overlord  
  19  1:49  Drone  
  20  2:00  Drone  
  21  2:02  Queen  
  23  2:11  Queen  
  23  2:12  Metabolic Boost  
  23  2:13  Zergling x4  
  27  2:22  Drone  
  28  2:26  Drone  
  29  2:33  Drone  
  30  2:38  Drone  
  31  2:46  Overlord  
  31  2:47  Queen  
  33  2:52  Lair  
  33  2:53  Drone  
  34  3:19  Drone x10  
  44  3:22  Overlord  
  44  3:36  Extractor x2  
  44  3:40  Drone x2  
  44  3:41  Drone  
  45  3:47  Drone x2  
  47  3:54  Drone  
  48  3:59  Drone x3  
  48  4:00  Drone  
  52  4:03  Overlord x3  
  52  4:09  Drone, Hydralisk Den  
  52  4:17  Extractor  
  51  4:24  Drone x3  
  51  4:30  Drone  
  55  4:33  Overlord  
  55  4:38  Hatchery  
  54  4:46  Evolution Chamber  
  54  4:48  Grooved Spines, Evolution Chamber  
  54  4:50  Hydralisk  
  54  4:51  Hydralisk x4  
  62  4:56  Overlord  
  62  4:57  Overlord  
  62  5:12  Zerg Missile Weapons Level 1  
  62  5:14  Zerg Ground Armor Level 1  
  62  5:16  Hydralisk  
  62  5:17  Hydralisk  
  62  5:21  Drone x5  
  71  5:26  Spore Crawler  
  71  5:28  Drone, Spore Crawler  
  70  5:29  Drone  
  70  5:33  Spore Crawler  
  70  5:43  Hydralisk x2  
  70  5:44  Spore Crawler  
  73  5:51  Spore Crawler  
  73  5:52  Drone x4  
  76  6:00  Muscular Augments  
  76  6:06  Drone x9  
  76  6:09  Extractor  
  84  6:11  Extractor  
  83  6:26  Hydralisk  
  83  6:27  Hydralisk x5  
  95  6:38  Drone x8  
  103  6:47  Drone x3  
  106  6:59  Overlord x2  
  106  7:00  Overlord x4  
  106  7:18  Hatchery  
  106  7:19  Drone  
  106  7:22  Extractor  
  105  7:24  Zergling x12  
  105  7:25  Zergling x16  
  105  7:27  Extractor  
  118  7:54  Hydralisk x10  
  124  8:16  Hydralisk  
  124  8:17  Hydralisk x8  
  92  8:52  Hydralisk  
  92  8:53  Hydralisk x8  
  104  9:06  Drone x3  
  104  9:09  Drone x3  
  110  9:19  Hydralisk  
  110  9:20  Hydralisk x2  
  96  9:55  Hydralisk  
  96  9:56  Hydralisk x16  
  120  10:04  Queen  
  122  10:11  Spire  
  122  10:12  Spire  
Show
View Real Time Build Order
Export as new Build Order

Gaffel Terran 

Build Orders: 1/1/1, Banshee Rush 

Get SALT Encoding   

  12  0:00  SCV  
  13  0:13  SCV  
  14  0:18  Supply Depot  
  14  0:25  SCV  
  15  0:30  Refinery  
  15  0:42  Barracks  
  15  0:48  SCV  
  16  1:00  SCV  
  17  1:08  Refinery  
  17  1:13  SCV  
  17  1:27  SCV  
  17  1:31  Marine  
  19  1:39  SCV  
  19  1:40  Factory  
  19  1:51  SCV  
  20  2:09  Supply Depot  
  20  2:11  SCV, Marine  
  22  2:24  SCV  
  22  2:26  Starport  
  23  2:31  Widow Mine  
  23  2:36  SCV  
  26  2:42  Supply Depot  
  26  2:47  Marine  
  26  2:48  SCV  
  28  3:00  SCV  
  28  3:02  Widow Mine  
  31  3:06  Starport  
  31  3:08  Starport Tech Lab  
  31  3:12  Marine  
  32  3:20  Supply Depot  
  32  3:30  SCV  
  32  3:33  Marine  
  34  3:37  Widow Mine  
  36  3:42  Banshee  
  36  3:47  Starport Tech Lab  
  39  3:50  Cloaking Field  
  39  3:57  Supply Depot  
  39  4:07  Banshee  
  42  4:16  Hyperflight Rotors  
  42  4:25  Banshee  
  45  4:35  Orbital Command  
  45  4:42  Supply Depot  
  42  5:16  Banshee x2  
  42  5:20  Engineering Bay  
  45  5:58  Banshee  
  45  5:59  Banshee  
  45  6:00  Missile Turret  
  51  6:05  Command Center  
  51  6:08  Factory Tech Lab  
  51  6:23  Fusion Core  
  51  6:24  SCV  
  45  7:11  Viking  
  45  7:14  SCV  
  48  7:19  Orbital Command  
  48  7:26  SCV, Battlecruiser  
  48  7:29  Refinery  
  53  7:31  Refinery  
  53  7:36  Starport  
  53  7:38  SCV  
  53  7:40  Supply Depot  
  54  7:50  SCV  
  55  7:53  Viking  
  57  8:02  SCV  
  57  8:04  SCV  
  59  8:07  Corvid Reactor  
  59  8:13  Supply Depot  
  59  8:14  SCV  
  59  8:16  SCV, Starport Reactor  
  61  8:26  SCV  
  62  8:28  SCV  
  62  8:32  Medivac  
  59  9:30  SCV x2  
  61  9:32  Banshee, Viking  
  60  10:02  Banshee  
  63  10:13  SCV x2  
  65  10:15  Viking  
  65  10:17  Factory  
  65  10:18  Cyclone  
  70  10:22  Factory x2  
  70  10:24  Factory  
  70  10:26  SCV x2  
  75  10:40  Missile Turret x2  
  75  10:41  Missile Turret  
  75  10:45  Missile Turret  
  79  10:50  Command Center  
Show
View Real Time Build Order
Export as new Build Order

Massa Terran - Winner!

Build Orders:  

Get SALT Encoding   

  12  0:07  SCV  
  13  0:17  Supply Depot  
  13  0:19  SCV  
  14  0:31  SCV  
  15  0:44  Barracks  
  15  0:45  SCV  
  16  0:59  SCV  
  17  1:11  SCV  
  18  1:23  SCV  
  19  1:35  SCV  
  20  1:41  Marine  
  21  1:47  SCV  
  22  1:59  SCV, Marine  
  23  2:03  Refinery  
  23  2:04  Refinery  
  23  2:15  Barracks  
  23  2:16  Command Center  
  23  2:18  Orbital Command  
  23  2:23  Supply Depot  
  23  2:44  Barracks Tech Lab  
  23  2:45  SCV  
  23  2:49  Supply Depot  
  24  2:57  SCV  
  25  3:03  Stimpack  
  25  3:07  Barracks Tech Lab  
  25  3:09  SCV  
  26  3:18  Marauder  
  28  3:21  SCV  
  29  3:29  Concussive Shells  
  29  3:31  SCV  
  29  3:33  SCV  
  31  3:40  Marauder  
  33  3:42  Marauder  
  33  3:43  SCV  
  33  3:45  SCV  
  38  3:55  SCV  
  38  3:57  SCV  
  38  4:01  Marauder, Factory  
  41  4:04  Marauder  
  41  4:07  SCV  
  45  4:10  SCV  
  45  4:16  Factory  
  45  4:19  SCV  
  45  4:22  SCV  
  47  4:27  Refinery  
  47  4:28  Combat Shield  
  47  4:32  SCV  
  47  4:33  Marauder, Marine  
  47  4:34  SCV  
  52  4:44  SCV  
  53  4:46  Refinery  
  53  4:47  SCV  
  53  4:48  Factory Tech Lab  
  54  4:56  Supply Depot  
  54  4:59  Supply Depot  
  54  5:00  SCV  
  54  5:03  Engineering Bay  
  54  5:11  Orbital Command  
  53  5:14  SCV  
  53  5:21  Factory Tech Lab, Marauder x2  
  58  5:23  Siege Tank  
  58  5:26  SCV  
  62  5:38  SCV, Terran Infantry Weapons Level 1  
  62  5:42  Marauder x2  
  65  5:53  Missile Turret  
  65  5:55  SCV  
  65  5:56  SCV  
  67  6:00  Siege Tank  
  70  6:08  Supply Depot  
  70  6:09  Supply Depot  
  70  6:12  Supply Depot  
  70  6:29  Marauder x2, Siege Tank  
  74  6:51  Marauder x2  
  75  6:58  Command Center  
  75  7:02  Missile Turret  
  75  7:12  Marauder  
  75  7:15  Marauder  
  79  7:19  Missile Turret, Siege Tank  
  79  7:21  Missile Turret  
  82  7:27  SCV  
  83  7:32  SCV  
  83  7:33  Terran Infantry Armor Level 1  
  83  7:34  Marauder  
  83  7:36  Marauder  
  88  7:37  Siege Tank  
  88  7:39  SCV  
  88  7:40  Missile Turret  
  88  7:44  SCV  
  93  7:51  SCV  
  94  8:01  Missile Turret  
  94  8:02  Supply Depot  
  94  8:03  Supply Depot  
  94  8:04  Supply Depot x2  
  94  8:09  Marauder  
  94  8:10  SCV, Marauder  
  87  8:23  Missile Turret  
  87  8:30  Marauder  
  87  8:31  Marauder  
  47  8:52  Marauder x2  
  46  8:58  Siege Tank x2  
  49  9:09  SCV  
  50  9:13  Marauder  
  50  9:14  Marauder  
  50  9:15  Planetary Fortress  
  54  9:21  SCV, Missile Turret  
  54  9:22  Missile Turret x2  
  55  9:24  SCV  
  56  9:33  SCV  
  56  9:34  Marauder  
  56  9:35  Marauder  
  56  9:36  SCV  
  62  9:41  Widow Mine x2, Missile Turret  
  62  9:42  Missile Turret  
  66  9:54  Barracks  
  66  9:56  Marauder, Marine  
  66  10:02  Widow Mine  
  68  10:14  Marine  
  68  10:17  Marine  
  70  10:32  Marauder  
Show
View Real Time Build Order
Export as new Build Order

qqq Protoss - Winner!

Build Orders: 1 Gate Expand, Phoenix Opening 

Get SALT Encoding   

  12  0:03  Probe  
  13  0:20  Probe, Pylon  
  14  0:33  Probe  
  15  0:38  Gateway  
  15  0:48  Pylon  
  15  0:55  Probe  
  16  1:07  Probe  
  17  1:19  Probe  
  18  1:28  Nexus  
  18  1:39  Cybernetics Core  
  18  1:52  Probe  
  19  1:57  Assimilator  
  19  2:02  Assimilator  
  19  2:04  Probe  
  20  2:16  Probe  
  21  2:28  Probe  
  22  2:40  Probe  
  22  2:43  Probe  
  23  2:51  Probe  
  24  2:52  Probe  
  26  2:59  Stargate  
  26  3:06  Nexus  
  26  3:07  Pylon  
  26  3:15  Probe  
  27  3:25  Forge  
  27  3:27  Probe  
  27  3:31  Stargate  
  28  3:34  Pylon  
  28  3:40  Probe  
  29  3:52  Probe, Phoenix  
  32  4:01  Photon Cannon  
  32  4:04  Probe  
  33  4:11  Pylon  
  33  4:14  Photon Cannon  
  33  4:16  Probe  
  34  4:24  Phoenix  
  34  4:28  Probe  
  37  4:31  Phoenix  
  37  4:35  Probe  
  40  4:40  Probe  
  41  4:47  Probe  
  41  4:52  Phoenix  
  44  4:53  Probe  
  44  4:56  Assimilator  
  44  4:58  Protoss Air Weapons Level 1  
  46  5:00  Probe, Assimilator  
  46  5:05  Probe  
  47  5:12  Probe  
  47  5:13  Pylon  
  48  5:16  Robotics Facility  
  48  5:25  Probe  
  48  5:27  Probe  
  50  5:32  Phoenix  
  52  5:37  Probe  
  52  5:38  Phoenix  
  52  5:39  Probe  
  56  5:49  Probe  
  57  5:51  Probe  
  58  5:57  Phoenix  
  58  6:01  Probe  
  58  6:03  Probe, Observer, Phoenix  
  65  6:13  Probe  
  65  6:14  Shield Battery  
  65  6:15  Probe  
  65  6:25  Probe  
  66  6:27  Probe  
  67  6:36  Stargate, Fleet Beacon  
  67  6:37  Probe  
  67  6:39  Probe  
  69  6:49  Probe  
  70  6:58  Observer  
  70  6:59  Phoenix x2  
  75  7:01  Probe  
  75  7:05  Assimilator  
  76  7:10  Assimilator  
  76  7:12  Pylon  
  76  7:13  Probe  
  77  7:23  Photon Cannon  
  77  7:25  Probe, Nexus  
  77  7:26  Phoenix  
  80  7:30  Carrier  
  80  7:36  Nexus  
  86  7:38  Probe  
  87  7:47  Phoenix  
  87  7:50  Probe  
  89  7:51  Phoenix  
  91  8:02  Probe  
  91  8:03  Photon Cannon  
  91  8:04  Photon Cannon  
  92  8:05  Shield Battery  
  92  8:07  Pylon  
  90  8:14  Probe  
  90  8:19  Carrier, Phoenix  
  93  8:26  Probe  
  94  8:34  Tempest  
  99  8:54  Carrier  
  105  9:02  Probe  
  104  9:14  Probe  
  104  9:16  Probe, Tempest  
  111  9:21  Pylon  
  111  9:23  Phoenix  
  113  9:24  Pylon  
  113  9:26  Probe  
  113  9:28  Probe, Pylon  
  115  9:38  Probe  
  116  9:41  Probe  
  115  9:49  Carrier  
  115  9:50  Probe  
  117  10:00  Phoenix x2  
  117  10:02  Probe  
  122  10:09  Pylon  
  122  10:10  Pylon  
  122  10:13  Photon Cannon  
  122  10:21  Photon Cannon  
  122  10:23  Photon Cannon  
  122  10:25  Phoenix x2  
  122  10:26  Probe, Photon Cannon  
  122  10:28  Photon Cannon  
  127  10:30  Photon Cannon  
  127  10:32  Shield Battery  
  127  10:34  Shield Battery  
  127  10:36  Shield Battery  
  127  10:38  Probe  
Tags
 
Add a new tag
Caveats
  • Supply blocks, unpowered buildings, or Contaminate may cause inaccurate times.
  • Supply counts are checked every 10 seconds.